 Dungeon Crawl Stone Soup version 0.19.1 (webtiles) character file.

57 equalderp2856 the Scratcher (level 3, 0/17 HPs)
             Began as a Felid Fighter on Nov 26, 2016.
             Succumbed to an adder's poison
             ... on level 2 of the Dungeon.
             The game lasted 00:02:55 (1597 turns).

equalderp2856 the Scratcher (Felid Fighter)         Turns: 1597, Time: 00:02:56

Health: 0/17       AC:  1    Str: 12 (13) XL:     3   Next: 73%
Magic:  4/4        EV: 19    Int:  6 (9)  God:
Gold:   77         SH:  0    Dex: 13 (15) Spells: 0 memorised, 2 levels left
                                        Lives:  0   Deaths: 0

rFire  . . .     SeeInvis +       - Unarmed
rCold  . . .     Gourm    .     (armour unavailable)
rNeg   . . .     Faith    .     (shield unavailable)
rPois  .         Spirit   .     (helmet unavailable)
rElec  .         Reflect  .     (cloak unavailable)
rCorr  .         Harm     .     (gloves unavailable)
MR     .....                    (boots unavailable)
Stlth  ++........               (no amulet)
                                (no ring)
                                (no ring)

@: lethally poisoned (0 -> -8), flying, very slightly contaminated, hasted, very
quick
A: no armour, no weapons or thrown items, stealth, claws 1, fangs 3, see
invisible, carnivore 3, speed 1, shaggy fur 1, slow metabolism 1, sharp paws
a: no special abilities


You were on level 2 of the Dungeon.
You were completely stuffed.

You visited 1 branch of the dungeon, and saw 2 of its levels.

You collected 77 gold pieces.

Inventory:

Missiles
 m - 10 poisoned needles
Scrolls
 c - 3 scrolls of identify {unknown}
 e - a scroll of fear {unknown}
 h - 2 scrolls of magic mapping {unknown}
 i - 3 scrolls of remove curse {unknown}
 j - 4 scrolls of teleportation {unknown}
 l - a scroll of fog {unknown}
Potions
 a - a potion of might
 g - a potion of flight
 k - a potion of degeneration
Comestibles
 b - a meat ration
 d - a beef jerky


   Skills:
 + Level 3.1 Fighting
 + Level 4.5 Dodging
 + Level 1.1 Stealth
 + Level 5.0 Unarmed Combat


You had 2 spell levels left.
You didn't know any spells.

Dungeon Overview and Level Annotations

Branches:
Dungeon (2/15)

Altars:


Innate Abilities, Weirdness & Mutations

You cannot wear armour.
You are incapable of wielding weapons or throwing items.
Your paws allow you to move quietly. (Stealth)
You have sharp claws.
You have razor-sharp teeth.
You have supernaturally acute eyesight. (SInv)
You are carnivorous and can eat meat at any time.
You cover ground quickly.
You are covered in fur. (AC +1)
You have a slow metabolism.
Your sharp claws are effective at attacking unaware monsters.


Message History

* * * LOW HITPOINT WARNING * * *
You feel sick.
It was a potion of degeneration.
There was something very wrong with that liquid.
You feel weakened.
You feel dopey.
You feel clumsy.
Unknown command.
Okay, then.
* * * LOW HITPOINT WARNING * * *
You feel sick.
You see here an adder corpse.
You butcher the adder corpse.
Things that are here:
a chunk of flesh; an adder skeleton Eat a chunk of flesh? (ye/n/q)
You start eating the chunk of flesh.
* * * LOW HITPOINT WARNING * * *
You feel sick.
This raw flesh tastes great.
There is a lethal amount of poison in your body!
You die...

# ##### #### #. ...... .... #..
...... .... #...########......
.... .................. ....
#...##.รท..@..# ####
#............##### ...#
#................# ...#
#................# ...#
#........#.......#
...#############.......#........#
.............).............> ...#
...##....#######.......##...#...#
...##......# #.......##....#..#


There were no monsters in sight!

Vanquished Creatures
  3 adders (D:2)
  A dart slug (D:1)
  6 bats
  A giant cockroach (D:1)
  4 goblins (D:2)
  3 hobgoblins
  4 jackals (D:2)
  A frilled lizard (D:2)
  A kobold (D:1)
  2 rats (D:1)
26 creatures vanquished.

Notes
Turn   | Place    | Note
-------+----------+-------------------------------------------
     0 | D:1      | equalderp2856 the Felid Fighter began the quest for the Orb.
     0 | D:1      | Reached XP level 1. HP: 10/10 MP: 2/2
   377 | D:1      | Reached XP level 2. HP: 14/14 MP: 3/3
   882 | D:2      | Reached XP level 3. HP: 10/17 MP: 4/4
  1588 | D:2      | Reached skill level 1 in Stealth
  1588 | D:2      | Reached skill level 5 in Unarmed Combat
  1597 | D:2      | Succumbed to an adder's poison

Skill      XL: |  1  2  3 |
---------------+----------+-----
Stealth        | 1 |  1.1
Unarmed Combat | 5 |  5.0
Fighting       | |  3.1
Dodging        | |  4.5

Action                   || total
-------------------------++-------
Melee: Unarmed           ||    79
       Bite              ||     6
       Punch             ||     1
  Use: Potion            ||     4
 Stab: Sleeping          ||     2
  Eat: Chunk             ||     9
Armor: Skin              ||     2
Dodge: Dodged            ||    70
